 Dungeon Crawl Stone Soup version 0.31.0-7-gf635a9b802 (webtiles) character file.

Game seed: 11234707860330626623

156 Aneyh the Cudgeller (level 5, -1/32 HPs)
             Began as a Tengu Monk on Jan 24, 2024.
             Incinerated by a bombardier beetle (4 damage)
             ... with a burning spray
             ... on level 3 of the Dungeon.
             The game lasted 00:03:37 (2489 turns).

Aneyh the Cudgeller (Tengu Monk)                    Turns: 2489, Time: 00:03:37

Health: -1/32      AC:  4    Str: 14    XL:     5   Next: 38%
Magic:  6/6        EV: 27    Int: 10    God:
Gold:   117        SH:  0    Dex: 16    Spells: 4/4 levels left

rFire   . . .        r - +3 dagger
rCold   . . .        (no shield)
rNeg    . . .        f - +0 leather armour
rPois   .            (helmet restricted)
rElec   .            l - +0 cloak
rCorr   .            (no gloves)
SInv    .            (boots unavailable)
Will    .....        (no amulet)
Stlth   +            (no ring)
HPRegen 0.25/turn    (no ring)
MPRegen 0.10/turn

%: acrobat
@: on fire, acrobatic, glowing
A: beak, talons 3, acrobatic
a: no special abilities


You were on level 3 of the Dungeon.
You visited 1 branch of the dungeon, and saw 3 of its levels.

You collected 117 gold pieces.

Inventory:

Hand Weapons
 a - a +0 mace
 e - a +0 spear
 r - a +3 dagger (weapon)
Missiles
 p - 8 poisoned darts (quivered)
Armour
 d - an orb of light
 f - a +0 leather armour (worn)
 l - a +0 cloak (worn)
Jewellery
 m - a ring of magical power
 o - a +6 ring of strength
Scrolls
 b - 2 scrolls of fear {unknown}
 g - 2 scrolls of identify {unknown}
 i - a scroll of poison {unknown}
 k - 4 scrolls of noise {unknown}
 n - a scroll of teleportation {unknown}
 s - a scroll of immolation {unknown}
Potions
 c - 2 potions of haste {unknown}
 h - 4 potions of attraction {unknown}
 j - 2 potions of mutation {unknown}
 q - a potion of curing {unknown}


   Skills:
 + Level 3.4 Fighting
 - Level 6.2 Maces & Flails
 - Level 3.2 Dodging


You had 4 spell levels left.
You didn't know any spells.
Your spell library contained the following spells:

 Spells                   Type           Power      Damage    Failure   Level
 Freeze                   Ice            0%         1d3       43%         1
 Frozen Ramparts          Ice            0%         1d1       82%         3
 Hailstorm                Conj/Ice       0%         3d5       82%         3


Dungeon Overview and Level Annotations

Branches:
Dungeon (3/15)

Altars:
Qazlal
Trog


Innate Abilities, Weirdness & Mutations

You have a beak for a mouth.
You have claws for feet.
You can magically evade attacks while moving or waiting.


Message History

You claw the bombardier beetle.
The bombardier beetle is heavily wounded.
The liquid fire burns you!
The bombardier beetle barely misses you.
You barely miss the bombardier beetle.
The bombardier beetle is heavily wounded.
The liquid fire burns you!
You barely miss the bombardier beetle. You peck the bombardier beetle.
The bombardier beetle is severely wounded.
The liquid fire burns you!
The bombardier beetle bites you but does no damage.
You hit the bombardier beetle. Your kick misses the bombardier beetle.
The bombardier beetle is severely wounded.
The liquid fire burns you! The bombardier beetle bites you.
You are too injured to fight recklessly!
You are too injured to fight recklessly!
You are too injured to fight recklessly!
You are too injured to fight recklessly!
You are too injured to fight recklessly!
You hit the bombardier beetle.
You claw the bombardier beetle, but do no damage.
The bombardier beetle is almost dead.
The liquid fire burns you!
* * * LOW HITPOINT WARNING * * *
You barely miss the bombardier beetle. Your kick misses the bombardier beetle.
The bombardier beetle is almost dead.
The liquid fire burns you!
* * * LOW HITPOINT WARNING * * *
The bombardier beetle sprays incendiary fluid at you.
The burning spray hits you.
You are even more covered in liquid fire!
Okay, then.
You hit the bombardier beetle.
You kill the bombardier beetle!
The liquid fire burns you!
* * * LOW HITPOINT WARNING * * *
You shake off some of the fire as you move.
The liquid fire burns you!
You die...

### #. #.. ... #.# ##.##
#.# ..... #.#...... #####
#@#..$... ....# #....._..
###.# ###.#......
###.##### #...#...... #
### ........# #.#.# .....
#..###.. .##.###.##
#.#.####.## #.......
......)..# #.#..
.........###..
.##.###..#####.#####.#####
##..
.##.............####.#####
#...


There were no monsters in sight!

Vanquished Creatures
  A bombardier beetle (D:3)
  A sleepcap (D:3)
  4 adders
  3 dart slugs
  2 ribbon worms
  3 ball pythons (D:1)
  5 endoplasms
  7 goblins
  3 hobgoblins
  5 kobolds
  3 quokkas
  7 bats
  3 frilled lizards
  9 rats
56 creatures vanquished.

Notes
Turn   | Place    | Note
-------+----------+-------------------------------------------
     0 | D:1      | Aneyh the Tengu Monk began the quest for the Orb.
     0 | D:1      | Reached XP level 1. HP: 14/14 MP: 2/2
   345 | D:1      | Reached XP level 2. HP: 12/19 MP: 3/3
   346 | D:1      | Reached skill level 4 in Maces & Flails
   801 | D:1      | Reached XP level 3. HP: 19/23 MP: 4/4
  1066 | D:2      | Found a bloodstained altar of Trog.
  1144 | D:2      | Reached skill level 5 in Maces & Flails
  1626 | D:2      | Reached XP level 4. HP: 28/28 MP: 5/5
  2023 | D:3      | Reached skill level 6 in Maces & Flails
  2023 | D:3      | Reached XP level 5. HP: 19/32 MP: 6/6
  2477 | D:3      | Found a stormy altar of Qazlal.
  2489 | D:3      | Incinerated by a bombardier beetle

Illustrated notes

Levels and vault maps discovered:
D:1:      noname_arrival_rooms_in_the_neighbourhood, layout_loops_ring
D:2:      layout_loops_ring, basic_altar
D:3:      layout_loops_ring, old_standard_altar, minmay_unequal

Skill      XL: |  1  2  3  4 |
---------------+-------------+-----
Maces & Flails | 4 5 6 |  6.2
Fighting       | |  3.4
Dodging        | |  3.2

Action                     |  1- 3 |  4- 6 || total
---------------------------+-------+-------++-------
  Melee: Mace              |    95 |    44 ||   139
         Kick              |    18 |    17 ||    35
         Peck              |    10 |    11 ||    21
         Punch             |     1 |     1 ||     2
         Dagger            |       |    13 ||    13
    Use: Potion            |       |     1 ||     1
   Stab: Sleeping          |       |     1 ||     1
 Armour: Leather armour    |    45 |    24 ||    69
         Robe              |     4 |       ||     4
  Dodge: Dodged            |    74 |    28 ||   102
